 Dungeon Crawl Stone Soup version 0.24.1 (webtiles) character file.

Game seed: 4763262102185175832, levelgen mode: deterministic

406 Peloso the Covered (level 6, -2/53 HPs)
             Began as a Minotaur Fighter on Mar 29, 2020.
             Slain by an adder (4 damage)
             ... on level 5 of the Dungeon.
             The game lasted 00:04:45 (2673 turns).

Peloso the Covered (Minotaur Fighter)               Turns: 2673, Time: 00:04:46

Health: -2/53      AC:  4    Str: 20 (21) XL:     6   Next: 56%
Magic:  5/5        EV:  8    Int:  2 (5)  God:
Gold:   172        SH: 10    Dex: 10 (11) Spells: 5/5 levels left

rFire    + . .     SeeInvis .   a - +0 long sword
rCold    . . .     Gourm    .   c - +0 shield
rNeg     . . .     Faith    .   b - +0 scale mail
rPois    .         Spirit   .   (helmet restricted)
rElec    .         Reflect  .   (no cloak)
rCorr    .         Harm     .   (no gloves)
MR       .....                  (no boots)
Stlth    ..........             (no amulet)
HPRegen  0.17/turn              (no ring)
MPRegen  0.09/turn              (no ring)

@: no status effects
A: retaliatory headbutt, claws 1, horns 2, blurry vision 1, deformed body, fire
resistance 1
a: no special abilities


You were on level 5 of the Dungeon.
You were not hungry.

You visited 1 branch of the dungeon, and saw 5 of its levels.

You collected 172 gold pieces.

Inventory:

Hand Weapons
 a - a +0 long sword (weapon)
Armour
 b - a +0 scale mail (worn)
 c - a +0 shield (worn)
Jewellery
 j - an uncursed ring of protection from cold {unknown}
 l - a cursed amulet of inaccuracy {unknown}
Scrolls
 e - 2 scrolls of random uselessness {unknown}
 g - a scroll of amnesia {unknown}
 h - a scroll of fear {unknown}
 i - 6 scrolls of identify {unknown}
 k - 2 scrolls of immolation {unknown}
 m - 2 scrolls of teleportation {unknown}
 n - 2 scrolls of magic mapping {unknown}
 o - a scroll of blinking {unknown}
Potions
 d - 3 potions of might
 p - a potion of flight {unknown}
Comestibles
 f - 7 rations


   Skills:
 + Level 4.6 Fighting
 + Level 5.1 Long Blades
 + Level 5.4 Armour
 + Level 1.7 Dodging
 + Level 0.2 Stealth
 + Level 5.2 Shields


You had 5 spell levels left.
You didn't know any spells.
Your spell library contained the following spells:

 Spells                   Type           Power        Failure   Level  Hunger
 Confusing Touch          Hex            #.....       99%         1    ##.....
 Confuse                  Hex            #.......     100%        3    ####...
 Gell's Gravitas          Tloc           #.........   100%        3    ####...
 Petrify                  Tmut/Erth      #.......     100%        4    #####..
 Metabolic Englaciation   Hex/Ice        #.........   100%        5    ######.
 Yara's Violent Unravell  Hex/Tmut       #.........   100%        5    ######.


Dungeon Overview and Level Annotations

Branches:
Dungeon (5/15)
 Temple: D:4-7

Altars:
Ashenzari
Dithmenos
Hepliaklqana
Nemelex Xobeh
Qazlal
Vehumet
Xom
Yredelemnul

Annotations:
D:4 Eustachio


Innate Abilities, Weirdness & Mutations

You reflexively headbutt those who attack you in melee.
You have a pair of horns on your head.
You have sharp fingernails.
Scrolls take you a little longer to read.
Armour fits poorly on your strangely shaped body.
Your flesh is heat resistant. (rF+)


Message History

You hit the adder.
You kill the adder!
You feel sick.
You see here an adder corpse.
There is a stone staircase leading up here.
Found a ring mail.
An adder comes into view.
You feel sick.
An adder is nearby!
There is a stone staircase leading up here.
You see here an adder corpse.
You feel sick.
Your shield and scale mail prevent you from hitting the adder.
The adder bites you.
* * * LOW HITPOINT WARNING * * *
The adder bites you but does no damage.
You closely miss the adder. Your headbutt misses the adder.
You feel sick.
You are no longer poisoned.
The adder bites you.
You die...

...# ...#
...# ...
##.# #..#
#.## #.#
#@# #S# .
#<# ..#
#.##..#
#....#
#...###
....#..
........##
........###


You could see an adder.

Vanquished Creatures
  Grinder (D:4)
  An orc priest (D:3)
  2 worker ants
  A hound skeleton (D:4)
  4 adders
  An ooze (D:1)
  3 worms
  A dart slug (D:2)
  5 leopard geckos
  6 orcs
  6 bats
  2 giant cockroaches (D:3)
  7 goblins
  11 hobgoblins
  6 kobolds
  A quokka (D:3)
  A ball python (D:3)
  4 frilled lizards
  A quokka skeleton (D:4)
  6 rats
70 creatures vanquished.

Notes
Turn   | Place    | Note
-------+----------+-------------------------------------------
     0 | D:1      | Peloso the Minotaur Fighter began the quest for the Orb.
     0 | D:1      | Reached XP level 1. HP: 19/19 MP: 0/0
   255 | D:1      | Reached XP level 2. HP: 27/27 MP: 1/1
   594 | D:2      | Reached XP level 3. HP: 33/33 MP: 2/2
  1280 | D:2      | Gained mutation: Armour fits poorly on your strangely
                  | shaped body. [potion of mutation]
  1280 | D:2      | Gained mutation: You have sharp fingernails. [potion of
                  | mutation]
  1280 | D:2      | Gained mutation: Scrolls take you a little longer to read.
                  | [potion of mutation]
  1280 | D:2      | Gained mutation: Your flesh is heat resistant. (rF+)
                  | [potion of mutation]
  1294 | D:3      | Reached XP level 4. HP: 40/40 MP: 3/3
  1304 | D:3      | Found a stormy altar of Qazlal.
  1306 | D:3      | Found a radiant altar of Vehumet.
  1306 | D:3      | Found a shimmering altar of Xom.
  1311 | D:3      | Found a shimmering altar of Xom.
  1311 | D:3      | Found a sparkling altar of Nemelex Xobeh.
  1311 | D:3      | Found a hazy altar of Hepliaklqana.
  1459 | D:3      | Found a stormy altar of Qazlal.
  1460 | D:3      | Found a shadowy altar of Dithmenos.
  1460 | D:3      | Found a basalt altar of Yredelemnul.
  1491 | D:3      | Found a shattered altar of Ashenzari.
  2001 | D:4      | Reached XP level 5. HP: 25/47 MP: 4/4
  2047 | D:4      | Reached skill level 1 in Dodging
  2072 | D:4      | Noticed Grinder
  2089 | D:4      | Killed Grinder
  2089 | D:4      | Reached skill level 5 in Long Blades
  2089 | D:4      | Reached skill level 5 in Armour
  2089 | D:4      | Reached skill level 5 in Shields
  2089 | D:4      | Reached XP level 6. HP: 12/53 MP: 5/5
  2571 | D:4      | Noticed Eustachio
  2582 | D:5      | Entered Level 5 of the Dungeon
  2673 | D:5      | HP: 2/53 [poisoned by an adder]
  2673 | D:5      | Slain by an adder

Levels and vault maps discovered:
D:1:      saegor_arrival_simple_b, layout_basic
D:2:      layout_basic, first_ration
D:3:      layout_loops_ring, nicolae_overflow_quartered_altars,
          doesnt_xom_only_xom
D:4:      layout_basic, minmay_temple_entry_butterflies, uniq_eustachio,
          uniq_grinder, uniq_duvessa
D:5:      layout_rooms, corexii_leaking_fountain, patterned_corridor

Skill      XL: |  1  2  3  4  5 |
---------------+----------------+-----
Armour         | 4 5 |  5.4
Shields        | 4 5 |  5.2
Fighting       | 4 |  4.6
Long Blades    | 3 4 5 |  5.1
Dodging        | 1 |  1.7
Stealth        | |  0.2

Action                   |  1- 3 |  4- 6 || total
-------------------------+-------+-------++-------
Melee: Long sword        |    83 |   103 ||   186
       Headbutt          |    18 |    18 ||    36
  Use: Potion            |     3 |     1 ||     4
  Eat: Chunk             |       |     2 ||     2
       Ration            |       |     1 ||     1
Armor: Scale mail        |    43 |    27 ||    70
Dodge: Dodged            |    30 |    36 ||    66
Block: Shield            |    66 |    60 ||   126
       Rpst.: Long sword |     7 |     9 ||    16
